 Dungeon Crawl Stone Soup version 0.29.1-2-gbd0b4ee654 (webtiles) character file.

Game seed: 11231914970171012797

539 qeuew the Trooper (level 7, -1/61 HPs)
             Began as a Minotaur Berserker on Nov 15, 2022.
             Was a Priest of Trog.
             Slain by an orc
             ... wielding a +0 trident
              (3 damage)
             ... on level 4 of the Dungeon.
             The game lasted 00:04:10 (2623 turns).

qeuew the Trooper (Minotaur Berserker)              Turns: 2623, Time: 00:04:13

Health: -1/61      AC: 16    Str: 22    XL:     7   Next: 5%
Magic:  6/6        EV:  7    Int:  4    God:    Trog [***...]
Gold:   144        SH:  0    Dex: 11    Spells: 6/6 levels left

rFire   . . .      SeeInvis .   a - +0 hand axe
rCold   . . .      Faith    .   (no shield)
rNeg    . . .      Spirit   .   e - +1 plate armour
rPois   .          Reflect  .   (helmet restricted)
rElec   .          Harm     .   (no cloak)
rCorr   .          Rampage  .   (no gloves)
Will    .....                   d - +2 pair of boots
Stlth   ..........              (no amulet)
HPRegen 0.20/turn               (no ring)
MPRegen 0.10/turn               (no ring)

@: brilliant, on berserk cooldown, slowed, very slow
A: horns 2, retaliatory headbutt
a: Renounce Religion, Berserk, Trog's Hand


You were on level 4 of the Dungeon.
You worshipped Trog.
Trog was most pleased with you.
You visited 1 branch of the dungeon, and saw 4 of its levels.

You collected 144 gold pieces.

Inventory:

Hand Weapons
 a - a +0 hand axe (weapon)
Armour
 d - a +2 pair of boots (worn)
 e - a +1 plate armour (worn)
Wands
 f - a wand of digging (6)
Potions
 b - a potion of berserk rage


   Skills:
 + Level 5.5 Fighting
 + Level 5.5 Axes
 + Level 4.9 Armour
 + Level 4.4 Dodging
 + Level 1.5 Evocations


You had 6 spell levels left.
You didn't know any spells.
Your spell library was empty.

Dungeon Overview and Level Annotations

Branches:
Dungeon (4/15)
 Temple: D:4-7

Altars:
Ru


Innate Abilities, Weirdness & Mutations

You have a pair of horns on your head.
You reflexively headbutt those who attack you in melee.


Message History

You kill Blork the orc!
Trog accepts your kill.
Trog appreciates your killing of a magic user.
The orc hits you from afar with a +0 trident.
* * * LOW HITPOINT WARNING * * *
The orc barely misses you.
You have reached level 7!
You barely miss the orc. The orc hits you but does no damage. x2
You barely miss the orc. The orc hits you but does no damage.
An orc priest comes into view. It is wielding a +0 trident.
The orc hits you but does no damage. x3; The orc priest moves out of view.
You hit the orc. Your headbutt misses the orc. Your punch misses the orc.
The orc is almost dead.
You feel the effects of Trog's Hand fading.
The orc hits you but does no damage.
You hit the orc.
You kill the orc!
Trog accepts your kill.
The orc hits you from afar with a +0 trident.
* * * LOW HITPOINT WARNING * * *
The orc hits you from afar with a +0 trident.
* * * LOW HITPOINT WARNING * * *
You aren't carrying any scrolls.
It was a potion of brilliance.
You feel clever all of a sudden.
The orc priest shouts!
The orc hits you but does no damage.
The orc priest mumbles some strange prayers to Beogh against you.
Beogh smites you!
* * * LOW HITPOINT WARNING * * *
The orc closely misses you.
The orc priest hits you but does no damage.
You hit the orc priest.
The orc priest is moderately wounded.
Your skin stops crawling.
You feel less strong-willed.
The orc hits you from afar with a +0 trident.
* * * LOW HITPOINT WARNING * * *
The orc priest hits you but does no damage. x2
The orc hits you from afar with a +0 trident.
You die...

#.###.[.###...###...###..
.....###.........###.....
......#.###...###...###..
.....#.....###.........#
.....#......#.###)..###.#
.....#.....#.....###...#
###.#..^...#......# ...#
..†###.....#....o#.....#
....#.###.#.....@#....#.#
...#.....###....)# ..###.
...#......#.###.#o###.#
...#..<..#.. ..###.. #o.
#.#......#..... ...#oo
.###÷....#..... ..#
..#.###.#...... .#.#
.#.....###..... ##..
.#......#.###.# ..


You could see an orc priest and an orc.

Vanquished Creatures
  Edmund (D:4)
  Blork the orc (D:4)
  A hound (D:4)
  A jelly (D:4)
  Jessica (D:3)
  An iguana (D:4)
  Ijyb (D:3)
  An orc wizard (D:3)
  3 gnolls (D:3)
  5 adders
  An ufetubus (D:2)
  4 worms
  6 orcs
  3 bats
  13 endoplasms
  5 giant cockroaches
  5 goblins
  3 hobgoblins
  8 jackals (D:1)
  4 quokkas
  9 ball pythons
  2 frilled lizards (D:2)
  7 kobolds
  10 rats
96 creatures vanquished.

Vanquished Creatures (others)
  18 plants (D:3)
18 creatures vanquished.

Grand Total: 114 creatures vanquished

Notes
Turn   | Place    | Note
-------+----------+-------------------------------------------
     0 | D:1      | qeuew the Minotaur Berserker began the quest for the Orb.
     0 | D:1      | Reached XP level 1. HP: 19/19 MP: 0/0
   143 | D:1      | Reached XP level 2. HP: 15/27 MP: 1/1
   538 | D:1      | Reached XP level 3. HP: 32/33 MP: 2/2
   582 | D:1      | Reached ** piety under Trog
  1064 | D:2      | Found a faded altar of an unknown god.
  1070 | D:2      | Identified the +1 robe "Dubehing" {Int+2 Dex+4}
  1096 | D:2      | Reached XP level 4. HP: 40/40 MP: 3/3
  1344 | D:3      | Noticed Jessica
  1352 | D:3      | Killed Jessica
  1539 | D:3      | Found a sacrificial altar of Ru.
  1539 | D:3      | Noticed Ijyb
  1572 | D:3      | Reached *** piety under Trog
  1573 | D:3      | Reached XP level 5. HP: 28/47 MP: 4/4
  1577 | D:3      | Killed Ijyb
  2318 | D:4      | Reached skill level 5 in Fighting
  2318 | D:4      | Reached skill level 5 in Axes
  2438 | D:4      | Reached XP level 6. HP: 45/56 MP: 5/5
  2578 | D:4      | Noticed Edmund
  2580 | D:4      | Noticed Blork the orc
  2603 | D:4      | Killed Edmund
  2604 | D:4      | Reached skill level 1 in Evocations
  2616 | D:4      | Killed Blork the orc
  2617 | D:4      | Reached XP level 7. HP: 8/61 MP: 6/6
  2621 | D:4      | HP: 2/61 [orc priest/divine providence (12)]
  2623 | D:4      | Slain by an orc

Illustrated notes

Levels and vault maps discovered:
D:1:      minmay_arrival_arboretum_small, layout_rooms, minmay_box_of_dots
D:2:      layout_rooms, shapermc_ecumenical_altar_flowoftime
D:3:      layout_rooms, nicolae_ru_awakened_eye, serial_bayou_lake_a, uniq_ijyb,
          uniq_jessica
D:4:      nicolae_BIG_FREAKIN_CUBE, layout_gridville, serial_shops, shop,
          uniq_blork_the_orc, uniq_crazy_yiuf_cottage, uniq_edmund

Skill      XL: |  1  2  3  4  5  6 |
---------------+-------------------+-----
Fighting       | 4 5 |  5.5
Armour         | 3 4 |  4.9
Axes           | 4 5 |  5.5
Dodging        | 3 4 |  4.4
Evocations     | 1 |  1.5

Action                   |  1- 3 |  4- 6 |  7- 9 || total
-------------------------+-------+-------+-------++-------
Melee: Hand axe          |    90 |   160 |     5 ||   255
       Headbutt          |    16 |    23 |       ||    39
       Punch             |       |     3 |       ||     3
Invok: Berserk           |       |     1 |       ||     1
       Trog's Hand       |       |     1 |       ||     1
  Use: Potion            |     3 |     4 |     1 ||     8
       Scroll            |     2 |     5 |       ||     7
Armor: Animal skin       |     8 |       |       ||     8
       Plate armour      |    61 |   117 |    11 ||   189
Dodge: Dodged            |    45 |    73 |     1 ||   119
